 Dungeon Crawl Stone Soup version 0.22-a0-877-g5c4e1af (webtiles) character file.

1550 opiumtea the Thaumaturge (level 8, -5/57 (58) HPs)
             Began as a Gnoll Wizard on July 29, 2018.
             Was an Initiate of Ashenzari.
             Slain by an orc warrior
             ... wielding a +0 glaive
              (13 damage)
             ... on level 7 of the Dungeon.
             The game lasted 00:40:19 (8916 turns).

opiumtea the Thaumaturge (Gnoll Wizard)             Turns: 8916, Time: 00:40:20

HP:   -5/57 (58)    AC:  4    Str: 10    XL:     8   Next: 88%
MP:   1/20          EV: 14    Int: 23    God:    Ashenzari [......]
Gold: 246           SH:  0    Dex: 13    Spells: 10/23 levels left

rFire    . . .     SeeInvis .   a - +2 whip (venom)
rCold    . . .     Gourm    .   (no shield)
rNeg     . . .     Faith    .   F - +0 leather armour
rPois    .         Spirit   .   i - +0 hat
rElec    .         Reflect  .   (no cloak)
rCorr    .         Harm     .   (no gloves)
MR       .....                  q - +0 pair of boots
Stlth    +++.......             (no amulet)
HPRegen  0.00/turn              (no ring)
MPRegen  0.17/turn              (no ring)

@: very slightly contaminated, non-regenerating, diseased
A: distributed training, fangs 1, strong nose
a: Curse Item, Renounce Religion


You were on level 7 of the Dungeon.
You worshipped Ashenzari.
Ashenzari was noncommittal.
You were very hungry.

You visited 2 branches of the dungeon, and saw 8 of its levels.

You collected 246 gold pieces.

Inventory:

Hand Weapons
 a - a +2 whip of venom (weapon)
 b - a +0 hunting sling
 z - a +1 flail of draining
 B - a +0 dagger of chaos
Missiles
 k - 199 stones (quivered)
 p - 23 sling bullets
 E - 3 curare-tipped needles
Armour
 i - a +0 hat (worn)
 o - a +0 robe
 q - a +0 pair of boots (worn)
 F - a +0 leather armour (worn)
Wands
 r - a wand of polymorph (15)
 y - a wand of flame (41)
 D - a wand of digging (11)
Scrolls
 e - 6 scrolls of identify
 l - 4 scrolls of remove curse
 t - a scroll of amnesia
 u - a scroll of fog {unknown}
 v - a scroll of noise {unknown}
 w - 2 scrolls of teleportation {unknown}
 A - a scroll of magic mapping {unknown}
 C - a scroll of immolation {unknown}
Potions
 c - a potion of degeneration {unknown}
 f - a potion of cancellation {unknown}
 g - 4 potions of flight {unknown}
 h - 3 potions of curing
 j - 3 potions of might {unknown}
 m - 2 potions of lignification {unknown}
 n - a potion of berserk rage {unknown}
 s - 2 potions of mutation {unknown}
 x - a potion of haste {unknown}
Comestibles
 d - 7 rations


   Skills:
 + Level 3.5 Fighting
 + Level 3.5 Short Blades
 + Level 3.5 Long Blades
 + Level 3.5 Axes
 + Level 3.5 Maces & Flails
 + Level 3.5 Polearms
 + Level 3.5 Staves
 + Level 3.5 Slings
 + Level 3.5 Bows
 + Level 3.5 Crossbows
 + Level 3.5 Throwing
 + Level 3.5 Armour
 + Level 5.9 Dodging
 + Level 5.5 Stealth
 + Level 3.5 Shields
 + Level 3.5 Unarmed Combat
 + Level 8.0 Spellcasting
 + Level 3.7 Conjurations
 + Level 2.9 Hexes
 + Level 2.9 Charms
 + Level 3.7 Summonings
 + Level 2.9 Necromancy
 + Level 3.7 Translocations
 + Level 2.9 Transmutations
 + Level 2.9 Fire Magic
 + Level 2.9 Ice Magic
 + Level 2.9 Air Magic
 + Level 2.9 Earth Magic
 + Level 2.9 Poison Magic
 + Level 3.9 Invocations
 + Level 3.5 Evocations


You had 10 spell levels left.
You knew the following spells:

 Your Spells              Type           Power        Failure   Level  Hunger
a - Magic Dart            Conj           ####         1%          1    None
b - Blink                 Tloc           N/A          3%          2    None
c - Call Imp              Summ           ####....     3%          2    None
d - Slow                  Hex            ###.....     4%          2    None
e - Conjure Flame         Conj/Fire      ###.....     7%          3    None
f - Mephitic Cloud        Conj/Pois/Air  ###.....     8%          3    None

Your spell library contained the following spells:

 Spells                   Type           Power        Failure   Level  Hunger
 Spider Form              Tmut/Pois      ###.......   9%          3    None
 Blade Hands              Tmut           ###.......   58%         5    #####..
 Ice Form                 Ice/Tmut       ###.....     26%         4    ###....
 Sticks to Snakes         Tmut           ###.....     4%          2    None
 Beastly Appendage        Tmut           ###...       2%          1    None


Dungeon Overview and Level Annotations

Branches:
Dungeon (7/15)             Temple (1/1) D:6

Altars:
Ashenzari
Cheibriados
Fedhas
Gozag
Hepliaklqana
Okawaru
Qazlal
Sif Muna
Trog
Uskayaw
Wu Jian
Xom
Yredelemnul
Zin
The Shining One

Shops:
D:4 =

Annotations:
D:3 Grinder, Sigmund
D:4 exclusion: ice beast, Eustachio
D:7 Joseph


Innate Abilities, Weirdness & Mutations

Your experience applies equally to all skills.
You have very sharp teeth.
Your uncanny sense of smell can sniff out nearby items.


Message History

Aiming: Mephitic Cloud (safe; 8% risk of failure)
Press: ? - help, Shift-Dir - straight line, f - orc warrior
Aim: an orc warrior, wielding a glaive and wearing a plate armour (severely wounded)
The ball explodes into a vile cloud!
The stinking cloud engulfs the orc warrior.
The orc warrior is severely wounded.
The stinking cloud engulfs your white imp.
Your white imp appears unharmed.
The orc warrior is engulfed in noxious fumes.
The orc warrior appears confused.
Your white imp hits the orc warrior but does no damage.
The orc warrior is engulfed in noxious fumes.
The orc warrior appears confused.
Your white imp gestures at the orc warrior.
The puff of frost hits the orc warrior.
The orc warrior appears unharmed.
You hit the orc warrior.
The orc warrior is almost dead.
The orc warrior is engulfed in noxious fumes.
The orc warrior appears confused.
The orc warrior hits you with a glaive!
You die...

#....#..#
###(...(5.#
#......).#
#...#..<)## ...
##..5## . .
#.5§.# ..#
.###.§5§###..##
#......o§......#
#.......@..#####
#.#####.###.# #
#.# ## ###


You could see an orc warrior (confused) and 3 friendly white imps.

Vanquished Creatures
  Pikel (D:6)
  2 slaves (D:6)
  2 phantoms (D:5)
  An ogre (D:7)
  2 bullfrogs
  Blork the orc (D:5)
  A killer bee (D:6)
  4 crimson imps
  A bullfrog zombie (D:5)
  A jelly (D:3)
  2 orc wizards
  An iguana (D:7)
  2 worker ants
  A killer bee zombie (D:6)
  A hound skeleton (D:5)
  A gnoll (D:5)
  A worker ant zombie (D:6)
  2 adders
  2 shadow imps
  An ooze (D:4)
  An adder zombie (D:3)
  2 worms
  3 dart slugs (D:1)
  3 leopard geckos
  9 orcs
  5 giant cockroaches
  5 goblins
  4 hobgoblins
  2 jackals (D:6)
  A quokka (D:2)
  A ball python (D:3)
  5 bats
  4 frilled lizards
  6 kobolds
  7 rats
88 creatures vanquished.

Vanquished Creatures (collateral kills)
  An ice beast (D:6)
  A necrophage (D:7)
  A slave (D:6)
  An ogre (D:7)
  A bullfrog (D:6)
  A crimson imp (D:3)
  A quasit (D:5)
  A centaur zombie (D:5)
  A hound (D:6)
  An orc priest (D:5)
  An orc wizard (D:6)
  A hound zombie (D:5)
  2 gnolls (D:5)
  12 adders
  An ooze (D:1)
  A leopard gecko (D:1)
  7 orcs
  A hobgoblin (D:1)
  A jackal (D:6)
  A kobold (D:1)
  A frilled lizard (D:1)
39 creatures vanquished.

Grand Total: 127 creatures vanquished

Notes
Turn   | Place    | Note
-------+----------+-------------------------------------------
     0 | D:1      | opiumtea the Gnoll Wizard began the quest for the Orb.
     0 | D:1      | Reached XP level 1. HP: 13/13 MP: 8/8
   215 | D:1      | Reached XP level 2. HP: 19/19 MP: 6/10
   219 | D:1      | Learned a level 2 spell: Blink
   222 | D:1      | Learned a level 2 spell: Call Imp
   225 | D:1      | Learned a level 2 spell: Slow
   519 | D:1      | Reached XP level 3. HP: 25/25 MP: 6/11
   561 | D:1      | Learned a level 3 spell: Conjure Flame
   565 | D:1      | Learned a level 3 spell: Mephitic Cloud
  1256 | D:2      | Reached skill level 1 in Invocations
  1507 | D:2      | Reached skill level 1 in Fighting
  1507 | D:2      | Reached skill level 1 in Short Blades
  1507 | D:2      | Reached skill level 1 in Long Blades
  1507 | D:2      | Reached skill level 1 in Axes
  1507 | D:2      | Reached skill level 1 in Maces & Flails
  1507 | D:2      | Reached skill level 1 in Polearms
  1507 | D:2      | Reached skill level 1 in Staves
  1507 | D:2      | Reached skill level 1 in Slings
  1507 | D:2      | Reached skill level 1 in Bows
  1507 | D:2      | Reached skill level 1 in Crossbows
  1507 | D:2      | Reached skill level 1 in Throwing
  1507 | D:2      | Reached skill level 1 in Armour
  1507 | D:2      | Reached skill level 1 in Shields
  1507 | D:2      | Reached skill level 1 in Unarmed Combat
  1507 | D:2      | Reached skill level 1 in Evocations
  1741 | D:2      | Reached XP level 4. HP: 32/32 MP: 13/13
  1989 | D:2      | Found an opulent altar of Gozag.
  2445 | D:3      | Found a hide-covered altar of Uskayaw.
  2451 | D:3      | Found a glowing golden altar of the Shining One.
  2627 | D:3      | Reached skill level 1 in Hexes
  2627 | D:3      | Reached skill level 1 in Charms
  2627 | D:3      | Reached skill level 1 in Necromancy
  2627 | D:3      | Reached skill level 1 in Transmutations
  2627 | D:3      | Reached skill level 1 in Fire Magic
  2627 | D:3      | Reached skill level 1 in Ice Magic
  2627 | D:3      | Reached skill level 1 in Air Magic
  2627 | D:3      | Reached skill level 1 in Earth Magic
  2627 | D:3      | Reached skill level 1 in Poison Magic
  2627 | D:3      | Reached XP level 5. HP: 37/37 MP: 14/14
  2642 | D:3      | Found a shimmering altar of Xom.
  2782 | D:3      | Noticed Grinder
  3028 | D:3      | Noticed Sigmund
  3033 | D:3      | Paralysed by Grinder for 5 turns
  3480 | D:3      | Found a shimmering altar of Xom.
  3538 | D:3      | Paralysed by Grinder for 2 turns
  3726 | D:3      | Found a snail-covered altar of Cheibriados.
  3749 | D:3      | Reached XP level 6. HP: 44/44 MP: 12/16
  3837 | D:3      | Paralysed by Grinder for 2 turns
  4071 | D:4      | Found an opulent altar of Gozag.
  4152 | D:4      | Noticed Eustachio
  4171 | D:4      | Found Ugrijouck's Jewellery Boutique.
  4366 | D:4      | Noticed an ice beast
  4618 | D:5      | Entered Level 5 of the Dungeon
  4824 | D:5      | Found a blossoming altar of Fedhas.
  4824 | D:5      | Found a glowing silver altar of Zin.
  4831 | D:5      | Reached skill level 5 in Dodging
  5051 | D:5      | Noticed a phantom
  5357 | D:5      | Noticed Blork the orc
  5426 | D:5      | Killed Blork the orc
  5426 | D:5      | Reached XP level 7. HP: 18/50 MP: 4/18
  5786 | D:5      | Found a deep blue altar of Sif Muna.
  6488 | D:5      | Reached skill level 5 in Stealth
  7024 | D:6      | Found a staircase to the Ecumenical Temple.
  7058 | Temple   | Entered the Ecumenical Temple
  7159 | Temple   | Became a worshipper of Ashenzari the Shackled
  7236 | D:6      | Noticed Pikel
  7284 | D:6      | Killed Pikel
  7284 | D:6      | Reached XP level 8. HP: 56/58 MP: 4/19
  8362 | D:7      | Reached skill level 8 in Spellcasting
  8584 | D:7      | Noticed Joseph
  8916 | D:7      | Slain by an orc warrior

Vault maps used:
D:1:      noname_arrival_rooms_in_the_neighbourhood,
          hangedman_decor_clover_reticule
D:2:      nicolae_gozag_cash_rules_everything_around_me
D:3:      lemuel_crystal_altar, led_xom_imps, grunt_temple_overflow_open,
          lemuel_statue_altar, uniq_grinder, uniq_sigmund
D:4:      old_standard_altar, serial_shops, shop, shop, uniq_eustachio
D:5:      gammafunk_temple_overflow_pools, lemuel_coloured_pillars_altar,
          first_ration, uniq_blork_the_orc
D:6:      minmay_temple_entry_grid, uniq_pikel
D:7:      lemuel_round_altar, kennysheep_mini_moat, uniq_joseph
Temple:   nicolae_temple_figure_zero

Skill      XL: |  1  2  3  4  5  6  7  8 |
---------------+-------------------------+-----
Conjurations   | 2 3 |  3.7
Summonings     | 2 3 |  3.7
Translocations | 2 3 |  3.7
Invocations    | 1 2 3 |  3.9
Fighting       | 1 2 3 |  3.5
Short Blades   | 1 2 3 |  3.5
Long Blades    | 1 2 3 |  3.5
Axes           | 1 2 3 |  3.5
Maces & Flails | 1 2 3 |  3.5
Polearms       | 1 2 3 |  3.5
Staves         | 1 2 3 |  3.5
Slings         | 1 2 3 |  3.5
Bows           | 1 2 3 |  3.5
Crossbows      | 1 2 3 |  3.5
Throwing       | 1 2 3 |  3.5
Armour         | 1 2 3 |  3.5
Shields        | 1 2 3 |  3.5
Unarmed Combat | 1 2 3 |  3.5
Evocations     | 1 2 3 |  3.5
Hexes          | 1 2 |  2.9
Charms         | 1 2 |  2.9
Necromancy     | 1 2 |  2.9
Transmutations | 1 2 |  2.9
Fire Magic     | 1 2 |  2.9
Ice Magic      | 1 2 |  2.9
Air Magic      | 1 2 |  2.9
Earth Magic    | 1 2 |  2.9
Poison Magic   | 1 2 |  2.9
Dodging        | 5 |  5.9
Stealth        | 5 |  5.5
Spellcasting   | 8 |  8.0

Action                   |  1- 3 |  4- 6 |  7- 9 || total
-------------------------+-------+-------+-------++-------
Melee: Dagger            |       |    28 |    14 ||    42
       Bite              |       |     4 |    11 ||    15
       Whip              |       |       |    82 ||    82
       Flail             |       |       |     8 ||     8
 Fire: Hunting sling     |     8 |    48 |     6 ||    62
Throw: Stone             |       |     5 |       ||     5
 Cast: Magic Dart        |    64 |    87 |    55 ||   206
       Call Imp          |     9 |    45 |    43 ||    97
       Blink             |     1 |     9 |     1 ||    11
       Conjure Flame     |       |     1 |       ||     1
       Mephitic Cloud    |       |     7 |    11 ||    18
       Slow              |       |     1 |     6 ||     7
  Use: Scroll            |       |     6 |       ||     6
 Stab: Confused          |       |     1 |     1 ||     2
       Distracted        |       |     1 |       ||     1
       Paralysed         |       |       |     2 ||     2
  Eat: Chunk             |     2 |     6 |     5 ||    13
       Ration            |       |     2 |     1 ||     3
Armor: Robe              |     3 |    12 |    13 ||    28
       Leather armour    |       |       |     1 ||     1
Dodge: Dodged            |    18 |    33 |   120 ||   171

Table legend:
 A = Spawn XP
 B = Non-spawn XP
 C = Spawn XP percentage of total XP
 D = Spawn monster count
 E = Non-spawn monster count
 F = Spawn count percentage of total count
 G = Total turns spent on level
                    A         B        C        D         E        F      G
               +---------+---------+-------+---------+---------+-------+---------
         Total |       0 |    2215 |   0.0 |       0 |     124 |   0.0 |  8916
               +---------+---------+-------+---------+---------+-------+---------
           D:1 |       0 |      50 |   0.0 |       0 |      23 |   0.0 |  1139
           D:2 |       0 |      47 |   0.0 |       0 |      23 |   0.0 |  1425
           D:3 |       0 |     284 |   0.0 |       0 |      16 |   0.0 |  1642
           D:4 |       0 |      91 |   0.0 |       0 |      10 |   0.0 |   918
           D:5 |       0 |     588 |   0.0 |       0 |      24 |   0.0 |  2031
           D:6 |       0 |     762 |   0.0 |       0 |      21 |   0.0 |  1553
           D:7 |       0 |     393 |   0.0 |       0 |       7 |   0.0 |    96
               +---------+---------+-------+---------+---------+-------+---------
